Unix NetHack Version 5.0.0-0 post-release - last build Jul 19 2026 19:10:59 (3aa4ab31751d3886436d94b585a96704892fd477,branch:main).

Game began 2026-07-29 15:06:26, ended 2026-07-29 15:48:53.

HumaRuntu, neutral female human Valkyrie

         ------
         |.....######---    ----
         |.<..|  #  #|.      ..
         ------     #|.     -..
                    #|.     |..        |
                    #|.     |.         -
                    #|.     |.-   ----.|
 -+----+----      ###|.   ---.|   |....
 |........)-#########|.    ...|    ..
 |......>).|        #|.-   -..-----G-
 |.....^..`+       ##|.|   |......f@|
 -----------        #|.|   +....-.---
                    #|.-----.---|.
                    #|.......+  |
                    #|.......|
                    #|.{.....-------- ------    ---- |
                    #-...............................|
                    #---------------------------------

HumaRuntu the Skirmisher    St:18 Dx:13 Co:15 In:11 Wi:8 Ch:10  Neutral
Dlvl:5  $:60 HP:0(44) Pw:6(6) AC:2  Xp:5 T:2674 

Latest messages:
 You hear someone beseeching Loki.
 You kill the gnome!
 There is a gnome corpse here; eat it? [ynq] (n) y
 This gnome corpse is gamey.
 You finish eating the gnome corpse.
 The housecat picks up a ya.
 Click!  You trigger a rolling boulder trap!
 A boulder misses you.
 The boulder hits the housecat!
 You stop.  Your housecat doesn't want to swap places.
 The housecat drops a ya.
 You try to move the boulder, but in vain.
 You see here a ya.
 You swap places with your housecat.
 You see here 9 ya.
 The housecat picks up a ya.
 The door opens.
 The air crackles around the gnomish wizard.
 You hear a door open.
 You feel more confident in your weapon skills.
 (Tip: use the #enhance command to advance them.)
 You hit the gnomish wizard!
 The housecat misses the gnomish wizard.
 The gnomish wizard points all around, then curses.
 The housecat misses the gnomish wizard.
 You hit the gnomish wizard!
 The housecat bites the gnomish wizard.
 The gnomish wizard points all around, then curses.
 You kill the gnomish wizard!
 You swap places with the peaceful watchman.
 The housecat bites the watchman.
 The watchman wields a short sword!
 The short sword welds itself to the watchman's hand!
 The housecat misses the watchman.
 The housecat bites the watchman.
 You hear some noises.
 The gnomish wizard zaps a hexagonal wand!
 The wand misses you.
 The door crashes open!
 The gnomish wizard zaps a wand of striking!
 The wand hits you!
 The gnomish wizard zaps a wand of striking!
 The wand hits you!
 You stop.  Your housecat is in the way!
 The housecat bites the gnomish wizard.
 The gnomish wizard zaps a wand of striking!
 The wand hits you!
 You die...
 Do you want your possessions identified? [ynq] (y) y
 Do you want to see your attributes? [ynq] (y) q

Inventory:
 Coins    ('$')
  $ - 60 gold pieces
 Weapons  (')')
  I - a +1 arrow
  H - 21 +0 arrows
  O - 6 cursed -1 arrows
  s - a cursed +0 elven bow
  b - a +0 dagger
  a - a +1 spear (weapon in right hand)
  E - a +0 long sword
 Armor    ('[')
  B - an uncursed +0 dwarvish iron helm
  g - a blessed +0 orcish helm (being worn)
  w - an uncursed +1 pair of iron shoes (being worn)
  c - an uncursed +3 small shield (being worn)
  F - a cursed -1 alchemy smock with text "Gehennom's Kitchen"
  y - an uncursed +0 dwarvish cloak
  C - an uncursed +0 dwarvish cloak
  M - an uncursed +0 dwarvish cloak (being worn)
  D - an uncursed +0 dwarvish mithril-coat
 Comestibles  ('%')
  k - an uncursed cram ration
  d - 5 uncursed food rations
  q - an uncursed homemade tin of goblin meat
  e - 2 uncursed lichen corpses
 Scrolls  ('?')
  v - an uncursed scroll of light
  A - an uncursed scroll of teleportation
 Potions  ('!')
  t - a blessed potion of confusion
  p - a cursed potion of gain energy
  r - a blessed potion of healing
  o - an uncursed potion of levitation
  n - an uncursed potion of object detection
 Rings    ('=')
  h - an uncursed ring of fire resistance (on right hand)
  i - a cursed -1 ring of protection
 Wands    ('/')
  N - a wand of teleportation (0:0)
  j - a wand of undead turning (0:2)
 Tools    ('(')
  m - a cursed can of grease (0:5)
  u - an uncursed tin whistle

HumaRuntu the Valkyrie's attributes:

Background:
 You were a Skirmisher, a level 5 human Valkyrie.
 You were neutral, nominally on a mission for Odin
 who was opposed by Tyr (lawful) and Loki (chaotic).
 You were right-handed.
 You were in the Gnomish Mines, on level 5.
 You entered the dungeon 2674 turns ago.
 There was a full moon in effect when your adventure ended.
 You had 306 experience points, 14 more were needed to attain level 6.

Basics:
 You had 0 out of 44 hit points.
 You had all 6 energy points (spell power).
 Your armor class was 2.
 Your wallet contained 60 zorkmids.
 Autopickup was on for '$?!/="+' plus thrown.

Final Characteristics:
 Your strength was 18 (limit:18/100).
 Your dexterity was 13 (limit:18).
 Your constitution was 15 (limit:18).
 Your intelligence was 11 (limit:18).
 Your wisdom was 8 (limit:18).
 Your charisma was 10 (limit:18).

Final Status:
 You weren't hungry.
 You were unencumbered.
 You were wielding a spear.
 You had basic skill with spear and could have enhanced that.

Final Attributes:
 You were piously aligned.
 You were fire resistant.
 Your items were protected from fire.
 You were cold resistant.
 Your items were somewhat protected from cold.
 You were stealthy.
 You were warded.
 You were lucky.
 You are dead.

Miscellaneous:
 You didn't encounter any bones levels.
 Total elapsed playing time was 42 minutes and 25 seconds.

Major events:
 Turn
    1: HumaRuntu the neutral human Valkyrie entered the dungeon
  944: attained the rank of Skirmisher (level 3)
 1037: entered the Gnomish Mines
 2651: reached Mine Town
 2674: killed by a wand

You didn't know any spells.

Skills:
 Fighting Skills
   bare handed combat [Unskilled]
   two weapon combat  [Unskilled]
   riding             [Unskilled]
 Weapon Skills
   dagger             [Basic]
   axe                [Unskilled]
   pick-axe           [Unskilled]
   short sword        [Unskilled]
   broadsword         [Unskilled]
   long sword         [Unskilled]
   two-handed sword   [Unskilled]
   saber              [Unskilled]
   hammer             [Unskilled]
   quarterstaff       [Unskilled]
   polearms           [Unskilled]
   spear              [Basic]
   trident            [Unskilled]
   lance              [Unskilled]
   sling              [Unskilled]
 Spellcasting Skills
   attack spells      [Unskilled]
   escape spells      [Unskilled]

Voluntary challenges:
 Character rerolling was not enabled.
 You were an atheist.
 You never genocided any monsters.
 You never polymorphed an object.
 You never changed form.
 You used no wishes.
Achievements:
 You attained the rank of Skirmisher.
 You entered the Gnomish Mines.
 You entered Minetown.

 The Dungeons of Doom: levels 1 to 2
    Level 1:
       A grave.
    Level 2:
       A sink.
       Stairs down to The Gnomish Mines.
 The Gnomish Mines: levels 3 to 5
    Level 3:
    Level 4:
    Level 5: <- You were here.
       A fountain.
       Final resting place for
          you, killed by a wand.


Vanquished creatures:
  a rock mole
  2 gnome leaders
  2 gnomish wizards
  a gray ooze
  4 dwarves
  a kobold leader
  a rabid rat
 an iguana
 an acid blob
  2 coyotes
  2 hobbits
  2 giant rats
  2 cave spiders
  a brown mold
 21 gnomes
  2 geckos
  2 foxes
  a kobold
  a goblin
  3 sewer rats
  3 grid bugs
  6 lichens
  a kobold zombie
  5 newts
68 creatures vanquished.

No species were genocided or became extinct.

Game over:
                       ----------
                      /          \
                     /    REST    \
                    /      IN      \
                   /     PEACE      \
                  /                  \
                  |    HumaRuntu     |
                  |      60 Au       |
                  | killed by a wand |
                  |                  |
                  |                  |
                  |                  |
                  |       2026       |
                 *|     *  *  *      | *
        _________)/\\_//(\/(/\)/\//\/|_)_______

Farvel HumaRuntu the Valkyrie...

You died in The Gnomish Mines on dungeon level 5 with 1478 points,
and 60 pieces of gold, after 2674 moves.
You were level 5 with a maximum of 44 hit points when you died.

